 Dungeon Crawl Stone Soup version 0.29-a0-187-ga23d9638d5 (webtiles) character file.

Game seed: 7376083193065338500

5873 siradein the Ruffian (level 10, 0/98 HPs)
             Began as a Troll Fighter on Feb 21, 2022.
             Was a Believer of Qazlal.
             Succumbed to Erica's bolt of poison
             ... on level 9 of the Dungeon.
             The game lasted 00:33:03 (7772 turns).

siradein the Ruffian (Troll Fighter)                Turns: 7772, Time: 00:33:03

Health: 0/98       AC:  9    Str: 26    XL:     10   Next: 52%
Magic:  0/12       EV: 10    Int:  4    God:    Qazlal [**....]
Gold:   392        SH: 12    Dex: 13    Spells: 9/9 levels left

rFire   . . .      SeeInvis .     - Unarmed
rCold   . . .      Faith    .   b - +0 kite shield
rNeg    . . .      Spirit   +   u - +0 acid dragon scales
rPois   .          Reflect  .   (helmet restricted)
rElec   .          Harm     .   (no cloak)
rCorr   +          Rampage  .   (gloves unavailable)
Will    .....                   (boots unavailable)
Stlth   +.........              C - amulet of guardian spirit
HPRegen 1.06/turn               (no ring)
MPRegen 0.13/turn               (no ring)

@: lethally poisoned (0 -> -1), slowed, very slow
A: large, unfitting armour, claws 3, regeneration 1, shaggy fur 1, tough skin 1
a: Renounce Religion, Upheaval


You were on level 9 of the Dungeon.
You worshipped Qazlal.
Qazlal was pleased with you.
You visited 2 branches of the dungeon, and saw 10 of its levels.

You collected 476 gold pieces.
You spent 84 gold pieces at shops.

Inventory:

Hand Weapons
 q - a +0 hunting sling
 x - the +3 whip of True Grit {vorpal, rElec}
   (You found it on level 4 of the Dungeon)

   It inflicts extra damage upon your enemies.
   rElec:     It insulates you from electricity.
Missiles
 e - 194 stones (quivered)
 j - 2 throwing nets
 r - 18 poisoned darts
 v - 4 boomerangs
 D - 4 javelins
Armour
 b - a +0 kite shield (worn)
 u - +0 acid dragon scales (worn)
Jewellery
 C - an amulet of guardian spirit (around neck)
Wands
 w - a wand of paralysis (7)
 y - a wand of acid (10)
Scrolls
 d - 2 scrolls of brand weapon {unknown}
 f - 3 scrolls of silence {unknown}
 h - 2 scrolls of blinking {unknown}
 k - a scroll of torment {unknown}
 l - 5 scrolls of teleportation {unknown}
 n - 3 scrolls of enchant weapon {unknown}
 o - a scroll of enchant armour {unknown}
 p - 2 scrolls of fog
 z - a scroll of summoning {unknown}
 E - a scroll of noise {unknown}
 F - a scroll of vulnerability {unknown}
 H - a scroll of amnesia {unknown}
Potions
 a - 2 potions of ambrosia {unknown}
 c - 3 potions of might
 i - a potion of cancellation
 m - a potion of lignification
 s - 2 potions of flight
 t - 3 potions of curing
 A - 3 potions of brilliance
 B - 2 potions of invisibility {unknown}
 G - a potion of magic {unknown}


   Skills:
 + Level 5.8 Fighting
 + Level 5.5 Throwing
 + Level 4.2 Armour
 + Level 5.9 Dodging
 + Level 5.9 Shields
 + Level 6.6 Unarmed Combat
 + Level 4.2 Invocations


You had 9 spell levels left.
You didn't know any spells.
Your spell library contained the following spells:

 Spells                   Type           Power      Damage    Failure   Level
 Animate Skeleton         Necr           0%         N/A       83%         1
 Pain                     Necr           0%         1d4       83%         1
 Conjure Flame            Conj/Fire      0%         6-21      99%         3
 Ignite Poison            Fire/Tmut/Pois 0%         N/A       99%         3
 Vampiric Draining        Necr           0%         2d6       99%         3
 Sticky Flame             Conj/Fire      0%         2d3       100%        4


Dungeon Overview and Level Annotations

Branches:
Dungeon (9/15)             Temple (1/1) D:5            Lair (0/6) D:9
    Orc: D:9-12

Altars:
Ashenzari
Cheibriados
Dithmenos
Elyvilon
Fedhas
Gozag
Kikubaaqudgha
Makhleb
Nemelex Xobeh
Qazlal
Ru
Uskayaw
Wu Jian
Yredelemnul
Zin
The Shining One

Shops:
D:5 !   D:8 [

Annotations:
D:9 Erica


Innate Abilities, Weirdness & Mutations

You are too large for most types of armour.
You have claws for hands.
Your natural rate of healing is unusually fast.
You are covered in fur. (AC +1)
You have tough skin. (AC +1)


Message History

* * * LOW HITPOINT WARNING * * *
Something burns you.
* * * LOW HITPOINT WARNING * * *
Something hits you!
* * * LOW HITPOINT WARNING * * *
Something burns you.
* * * LOW HITPOINT WARNING * * *
You feel much better. Something hits you!
* * * LOW HITPOINT WARNING * * *
Something burns you.
* * * LOW HITPOINT WARNING * * *
You feel much better.
You feel less confused. You block something's attack.
Something completely misses you.
Okay, then.
You miss something. Something hits you!
* * * LOW HITPOINT WARNING * * *
Something burns you.
* * * LOW HITPOINT WARNING * * *
You barely miss something. Something hits you.
* * * LOW HITPOINT WARNING * * *
Something burns you.
* * * LOW HITPOINT WARNING * * *
You hear some strange, mumbled words.
A bolt of poison appears from out of thin air!
The bolt of poison misses you.
You feel much better.
You hear some strange, mumbled words.
A bolt of poison appears from out of thin air!
The bolt of poison hits you!!
You are poisoned.
* * * LOW HITPOINT WARNING * * *
You scratch something.
You feel very sick. Something hits you!
* * * LOW HITPOINT WARNING * * *
Something burns you.
* * * LOW HITPOINT WARNING * * *
You miss something.
You die...

.........#..# #######<.#######..
≈..P>.P.≈#..####.................
.........#.......................
.##.P.##...##+##.................
..#...#....+...#...............##
#...≈...#......#...............#
.#######.......#...............#
.#......#..#...#.○.............#
##......#..#...#@.#######......#
#.......#..#####{.# #......#
#.......+.........# #......##
.......#.........# #........
##+######.........#######........
((....)).........................
....#########....................
### #................>...
#....................


There were no monsters in sight!

Vanquished Creatures
  Erolcha (D:9)
  Pikel (D:9)
  Prince Ribbit (D:5)
  Sigmund (D:4)
  A wraith (D:9)
  A wyvern (D:9)
  2 steam dragons (D:7)
  A water moccasin (D:7)
  2 acid dragons
  4 orc warriors (D:9)
  An ice beast (D:6)
  A necrophage (D:5)
  2 centaurs
  A phantom (D:7)
  A kobold brigand (D:8)
  A bullfrog (D:8)
  3 scorpions
  A wyvern skeleton (D:7)
  10 killer bees
  18 wights
  2 howler monkeys
  An electric eel (D:9)
  A crimson imp (D:3)
  A bullfrog skeleton (D:4)
  5 jellies
  5 hounds
  3 gnoll shamans
  6 orc priests
  2 orc wizards (D:6)
  2 hound skeletons (D:4)
  Robin (D:3)
  A howler monkey skeleton (D:7)
  10 adders
  16 gnolls
  A shadow imp (D:6)
  3 white imps
  2 ufetubi
  An adder skeleton (D:4)
  An adder zombie (D:5)
  3 dart slugs
  26 orcs
  5 bats
  6 endoplasms
  3 giant cockroaches
  4 hobgoblins
  4 jackals (D:1)
  6 kobolds
  5 quokkas
  6 ball pythons
  A frilled lizard (D:2)
  17 goblins
  A goblin skeleton (D:3)
  2 hobgoblin zombies (D:3)
  2 kobold skeletons (D:3)
  An orc skeleton (D:3)
  An orc zombie (D:3)
  6 rats
217 creatures vanquished.

Vanquished Creatures (others)
  An orc (D:7)
  5 fungi (D:9)
  A plant (D:9)
7 creatures vanquished.

Grand Total: 224 creatures vanquished

Notes
Turn   | Place    | Note
-------+----------+-------------------------------------------
     0 | D:1      | siradein the Troll Fighter began the quest for the Orb.
     0 | D:1      | Reached XP level 1. HP: 22/22 MP: 0/0
    94 | D:1      | Reached XP level 2. HP: 29/29 MP: 1/1
   784 | D:2      | Reached XP level 3. HP: 11/36 MP: 2/2
   825 | D:2      | Found a faded altar of an unknown god.
  1383 | D:3      | Found an ornate altar of the Wu Jian Council.
  1530 | D:3      | Reached skill level 1 in Throwing
  1612 | D:3      | Reached XP level 4. HP: 44/44 MP: 3/3
  1838 | D:3      | Reached XP level 5. HP: 53/53 MP: 4/4
  1853 | D:3      | Noticed Robin
  1867 | D:3      | Reached skill level 3 in Unarmed Combat
  1870 | D:3      | Killed Robin
  1896 | D:3      | Found a glowing golden altar of the Shining One.
  2398 | D:4      | Reached XP level 6. HP: 52/61 MP: 5/5
  2401 | D:4      | Noticed an acid dragon
  2419 | D:4      | Killed an acid dragon
  2545 | D:4      | Noticed Sigmund
  2565 | D:4      | Killed Sigmund
  2566 | D:4      | Reached XP level 7. HP: 64/68 MP: 6/6
  2659 | D:4      | Reached skill level 4 in Unarmed Combat
  2673 | D:4      | Found a hide-covered altar of Uskayaw.
  3314 | D:4      | Found a broken altar of Ashenzari.
  3361 | D:4      | Identified the +3 whip of True Grit {vorpal, rElec}
  3427 | D:5      | Entered Level 5 of the Dungeon
  3560 | D:5      | Noticed Prince Ribbit
  3607 | D:5      | Killed Prince Ribbit
  3608 | D:5      | Reached skill level 1 in Armour
  3933 | D:5      | Reached XP level 8. HP: 61/78 MP: 7/7
  3988 | D:5      | Found a staircase to the Ecumenical Temple.
  3997 | Temple   | Entered the Ecumenical Temple
  4026 | Temple   | Became a worshipper of Qazlal Stormbringer
  4075 | D:5      | Found Musutoxek's Distillery.
  4078 | D:5      | Bought a potion of brilliance for 48 gold pieces
  4078 | D:5      | Bought a potion of curing for 36 gold pieces
  4101 | D:5      | Found a sacrificial altar of Ru.
  4442 | D:6      | Reached skill level 1 in Invocations
  4633 | D:6      | Found a sparkling altar of Nemelex Xobeh.
  4888 | D:6      | Reached skill level 5 in Unarmed Combat
  4913 | D:6      | Found a glowing silver altar of Zin.
  5056 | D:6      | Reached * piety under Qazlal
  5286 | D:7      | Reached XP level 9. HP: 72/85 MP: 6/9
  5384 | D:7      | Found a shadowy altar of Dithmenos.
  5656 | D:7      | Reached skill level 5 in Shields
  5758 | D:7      | Reached skill level 5 in Fighting
  5763 | D:7      | Reached skill level 5 in Dodging
  6289 | D:8      | Reached ** piety under Qazlal
  6430 | D:8      | Found Kyal's Armour Boutique.
  6617 | D:8      | Found a basalt altar of Yredelemnul.
  6792 | D:8      | Found a white marble altar of Elyvilon.
  6914 | D:9      | Reached skill level 6 in Unarmed Combat
  6935 | D:9      | Noticed Pikel
  6954 | D:9      | Killed Pikel
  6955 | D:9      | Reached skill level 5 in Throwing
  6955 | D:9      | Reached XP level 10. HP: 92/96 MP: 9/11
  7559 | D:9      | Noticed Erolcha
  7570 | D:9      | Killed Erolcha
  7707 | D:9      | Found a staircase to the Lair.
  7742 | D:9      | Noticed Erica
  7765 | D:9      | HP: 3/98 [something (3)]
  7771 | D:9      | HP: 1/98 [something (4)]
  7772 | D:9      | Succumbed to Erica's bolt of poison

Illustrated notes

Levels and vault maps discovered:
D:1:      matt_arrival_diagonals, layout_loops_ring
D:2:      layout_basic, ebering_ecumenical_altar_petrified, lemuel_old_faithful
D:3:      layout_rooms, amcnicky_altar_gilded, nicolae_tso_besieged_by_evil,
          uniq_robin
D:4:      layout_rooms, kennysheep_mini_moat,
          mainiacjoe_overflow_six_doors_small, minmay_misc_feat_rugged,
          kennysheep_generic_room_13, uniq_sigmund
D:5:      layout_basic, nicolae_overflow_crystal_walls,
          minmay_temple_entry_proselytizer, serial_shops,
          nicolae_shop_behind_doors, roderic_serpentine_path,
          kennysheep_another_room, uniq_prince_ribbit1
D:6:      layout_rooms, mainiacjoe_overflow_cross_hatched,
          lemuel_coloured_pillars_altar, grunt_decor_one_mirror
D:7:      layout_gridville, grunt_dithmenos_shadows
D:8:      layout_loops_cross, kennysheep_ying_yang, serial_shops,
          nicolae_shop_stone, minmay_crossroads
D:9:      layout_irregular_city, dpeg_oklobed_lair, erik_orc_2, uniq_pikel,
          uniq_erica, uniq_erolcha, uniq_maurice
Temple:   compressed_dpeg_circular_temple

Skill      XL: |  1  2  3  4  5  6  7  8  9 10 |
---------------+-------------------------------+-----
Throwing       | 1 2 3 4 5 |  5.5
Fighting       | 3 4 5 |  5.8
Dodging        | 3 4 5 |  5.9
Shields        | 3 4 5 |  5.9
Unarmed Combat | 3 4 5 6 |  6.6
Armour         | 1 2 3 4 |  4.2
Invocations    | 2 3 4 |  4.2

Action                   |  1- 3 |  4- 6 |  7- 9 | 10-12 || total
-------------------------+-------+-------+-------+-------++-------
Melee: Unarmed           |   126 |   140 |   336 |   103 ||   705
 Fire: Hunting sling     |       |       |       |     7 ||     7
Throw: Stone             |       |       |       |    14 ||    14
Invok: Upheaval          |       |       |       |     1 ||     1
  Use: Scroll            |       |     5 |       |       ||     5
       Potion            |       |       |       |     4 ||     4
 Stab: Sleeping          |     2 |       |       |       ||     2
Armor: Robe              |    42 |    14 |       |       ||    56
       Acid dragon scale |       |     9 |    98 |    14 ||   121
Dodge: Dodged            |    46 |    47 |   119 |    31 ||   243
Block: Kite shield       |    65 |    53 |   176 |    44 ||   338

Table legend: (Time is in decaauts)
 A = Elapsed time spent in this place.
 B = Non-inter-level travel time spent in this place.
 C = Inter-level travel time spent in this place.
 D = Time resting spent in this place.
 E = Time spent auto-exploring this place.
 F = Levels seen in this place.
 G = Mean time per level.
                   A        B        C        D        E       F      G
               +--------+--------+--------+--------+--------+-----+--------+
         Total |   7820 |   7610 |    210 |    763 |   4995 |  10 |  782.0 |
       Dungeon |   7780 |   7570 |    210 |    763 |   4978 |   9 |  864.4 |
        Temple |     40 |     40 |      0 |      0 |     17 |   1 |   40.0 |
               +--------+--------+--------+--------+--------+-----+--------+

Top non-repeatable levels by time:
     D:4: 1054 daAuts
     D:7: 1013 daAuts
     D:9: 963 daAuts
     D:2: 890 daAuts
     D:3: 878 daAuts
     D:6: 852 daAuts
     D:5: 828 daAuts
     D:8: 669 daAuts
     D:1: 630 daAuts
  Temple: 40 daAuts
